 Dungeon Crawl Stone Soup version 0.29-a0-91-gdebf4667c2 (webtiles) character file.

Game seed: 15647157859612012975

1240 lordive the Chucker (level 8, -1/75 HPs)
             Began as a Troll Hunter on Feb 7, 2022.
             Slain by Prince Ribbit (3 damage)
             ... on level 5 of the Dungeon on Feb 8, 2022.
             The game lasted 00:09:39 (3837 turns).

lordive the Chucker (Troll Hunter)                  Turns: 3837, Time: 00:09:40

Health: -1/75      AC:  4    Str: 21    XL:     8   Next: 25%
Magic:  9/9        EV: 10    Int:  9    God:
Gold:   288        SH:  0    Dex: 10    Spells: 7/7 levels left

rFire   . . .      SeeInvis .     - Unarmed
rCold   . . .      Faith    .   (no shield)
rNeg    . . .      Spirit   .   b - +0 robe
rPois   .          Reflect  .   (helmet restricted)
rElec   .          Harm     .   (no cloak)
rCorr   .          Rampage  .   (gloves unavailable)
Will    .....                   (boots unavailable)
Stlth   +.........              (no amulet)
HPRegen 1.02/turn               (no ring)
MPRegen 0.11/turn               (no ring)

@: no status effects
A: large, unfitting armour, claws 3, regeneration 1, shaggy fur 1, tough skin 1
a: no special abilities


You were on level 5 of the Dungeon.
You visited 1 branch of the dungeon, and saw 5 of its levels.

You collected 288 gold pieces.

Inventory:

Missiles
 d - a throwing net (quivered)
Armour
 b - a +0 robe (worn)
Jewellery
 l - a ring of flight
 n - a ring of willpower
Wands
 q - a wand of acid (2)
Scrolls
 e - 2 scrolls of identify {unknown}
 f - 2 scrolls of magic mapping {unknown}
 h - a scroll of blinking {unknown}
 j - a scroll of fear {unknown}
 m - a scroll of noise {unknown}
 o - a scroll of summoning {unknown}
 p - a scroll of vulnerability {unknown}
Potions
 a - a potion of experience {unknown}
 g - a potion of curing {unknown}
 i - 2 potions of degeneration {unknown}
 k - a potion of haste {unknown}


   Skills:
 * Level 3.5 Fighting
 * Level 5.0 Throwing
 * Level 2.7 Armour
 * Level 4.0 Dodging
 + Level 1.1 Stealth
 + Level 4.1 Unarmed Combat
 * Level 3.0 Invocations


You had 7 spell levels left.
You didn't know any spells.
Your spell library contained the following spells:

 Spells                   Type           Power      Damage    Failure   Level
 Tukima's Dance           Hex            0%         N/A       77%         3
 Passage of Golubria      Tloc           0%         N/A       99%         4
 Yara's Violent Unravell  Hex/Tmut       0%         3d3       100%        5


Dungeon Overview and Level Annotations

Branches:
Dungeon (5/15)
 Temple: D:4-7

Altars:

Annotations:
D:5 Prince Ribbit


Innate Abilities, Weirdness & Mutations

You are too large for most types of armour.
You have claws for hands.
Your natural rate of healing is unusually fast.
You are covered in fur. (AC +1)
You have tough skin. (AC +1)


Message History

Things that are here:
a +0 club; a +0 leather armour; an orc corpse
Items here: )) [[ †.
Prince Ribbit croaks.
Prince Ribbit blinks!
Prince Ribbit is nearby!
Prince Ribbit is nearby!
Prince Ribbit winks and puckers his lips.
Prince Ribbit misses you.
You scratch Prince Ribbit but do no damage.
Prince Ribbit blinks!
Prince Ribbit hits you.
Prince Ribbit hits you but does no damage.
You claw Prince Ribbit!
Prince Ribbit is heavily wounded.
Prince Ribbit blinks!
Prince Ribbit hits you!
Prince Ribbit blinks!
Prince Ribbit blinks!
You miss Prince Ribbit.
Prince Ribbit is moderately wounded.
Prince Ribbit hits you!
Prince Ribbit hits you but does no damage.
You closely miss Prince Ribbit.
Prince Ribbit is moderately wounded.
Prince Ribbit barely misses you.
You scratch Prince Ribbit but do no damage.
Prince Ribbit is moderately wounded.
Prince Ribbit hits you!
You are too injured to fight recklessly!
You are too injured to fight recklessly!
Prince Ribbit hits you. Prince Ribbit hits you!
* * * LOW HITPOINT WARNING * * *
Prince Ribbit hits you!
* * * LOW HITPOINT WARNING * * *
Prince Ribbit hits you!
* * * LOW HITPOINT WARNING * * *
There is an open door here.
Prince Ribbit hits you.
You die...

###### #.....
#..... #.....
#.....
#############K....
#...(55o5†........
#.###########.....
#@# #....(
##F####### #.....
#........#####.....
#............######
#........###.#
########## #.# #.#
#.# #.#


You could see Prince Ribbit.

Vanquished Creatures
  Pikel (D:4)
  Sigmund (D:2)
  3 scorpions
  A centaur zombie (D:4)
  5 orc priests
  A jelly (D:4)
  Natasha (D:3)
  An iguana (D:4)
  2 orc wizards
  4 gnolls
  2 adders (D:5)
  An adder skeleton (D:5)
  2 worms
  3 dart slugs
  14 orcs
  4 ball pythons
  7 bats
  8 endoplasms
  4 giant cockroaches
  8 goblins
  5 hobgoblins
  4 jackals (D:3)
  8 kobolds
  4 quokkas
  6 frilled lizards
  6 rats
106 creatures vanquished.

Notes
Turn   | Place    | Note
-------+----------+-------------------------------------------
     0 | D:1      | lordive the Troll Hunter began the quest for the Orb.
     0 | D:1      | Reached XP level 1. HP: 19/19 MP: 0/0
   114 | D:1      | Reached XP level 2. HP: 28/28 MP: 1/1
   552 | D:1      | Reached XP level 3. HP: 35/35 MP: 2/2
   661 | D:1      | Reached skill level 1 in Invocations
   831 | D:2      | Reached skill level 4 in Throwing
   872 | D:2      | Noticed Sigmund
   969 | D:2      | Killed Sigmund
   970 | D:2      | Reached skill level 1 in Armour
   970 | D:2      | Reached skill level 1 in Unarmed Combat
   970 | D:2      | Reached XP level 4. HP: 42/42 MP: 2/4
   970 | D:2      | Reached XP level 5. HP: 49/49 MP: 2/5
  1240 | D:2      | Found a faded altar of an unknown god.
  1751 | D:3      | Noticed Natasha
  1758 | D:3      | Killed Natasha
  1759 | D:3      | Reached XP level 6. HP: 58/58 MP: 6/6
  2705 | D:4      | Reached XP level 7. HP: 39/66 MP: 7/7
  3165 | D:4      | Reached skill level 1 in Stealth
  3486 | D:5      | Entered Level 5 of the Dungeon
  3568 | D:5      | Noticed Prince Ribbit
  3591 | D:5      | Noticed Pikel
  3744 | D:4      | Killed Pikel
  3745 | D:4      | Reached XP level 8. HP: 52/75 MP: 7/9
  3780 | D:5      | Reached skill level 5 in Throwing
  3836 | D:5      | HP: 1/75 [Prince Ribbit (9)]
  3837 | D:5      | Slain by Prince Ribbit

Illustrated notes

Levels and vault maps discovered:
D:1:      psy_arrival_terrarium, layout_loops_corners,
          nicolae_concentric_dashed_squares_mild
D:2:      layout_rooms, nicolae_ecumenical_pavilion, grunt_ministairs_7,
          uniq_sigmund
D:3:      layout_loops_ring, uniq_natasha
D:4:      layout_gridville, columned_hall_lemuel
D:5:      layout_basic, mainiacjoe_overflow_boulevard, serial_shops,
          nicolae_shop_waterfront, uniq_pikel, uniq_prince_ribbit1

Skill      XL: |  1  2  3  4  5  6  7  8 |
---------------+-------------------------+-----
Invocations    | 1 2 3 |  3.0
Throwing       | 4 5 |  5.0
Fighting       | 2 3 |  3.5
Armour         | 1 2 |  2.7
Dodging        | 2 3 4 |  4.0
Unarmed Combat | 1 2 4 |  4.1
Stealth        | 1 |  1.1

Action                   |  1- 3 |  4- 6 |  7- 9 || total
-------------------------+-------+-------+-------++-------
Melee: Short sword       |    19 |       |       ||    19
       Unarmed           |    68 |   174 |    95 ||   337
       Punch             |     1 |     5 |     3 ||     9
Throw: Large rock        |     1 |       |    10 ||    11
       Throwing net      |       |       |     4 ||     4
 Stab: Sleeping          |     2 |     2 |       ||     4
       Held in net/web   |       |       |     1 ||     1
Armor: Robe              |    23 |    61 |    29 ||   113
Dodge: Dodged            |    47 |    93 |    64 ||   204

Table legend: (Time is in decaauts)
 A = Elapsed time spent in this place.
 B = Non-inter-level travel time spent in this place.
 C = Inter-level travel time spent in this place.
 D = Time resting spent in this place.
 E = Time spent auto-exploring this place.
 F = Levels seen in this place.
 G = Mean time per level.
                   A        B        C        D        E       F      G
               +--------+--------+--------+--------+--------+-----+--------+
         Total |   3850 |   3749 |    101 |    259 |   2449 |   5 |  770.0 |
       Dungeon |   3850 |   3749 |    101 |    259 |   2449 |   5 |  770.0 |
               +--------+--------+--------+--------+--------+-----+--------+

Top non-repeatable levels by time:
     D:4: 1166 daAuts
     D:3: 936 daAuts
     D:1: 859 daAuts
     D:2: 656 daAuts
     D:5: 231 daAuts
